 Dungeon Crawl Stone Soup version 0.28-a0-511-gcc94558de3 (webtiles) character file.

Game seed: 18177736313410911540

1741 RandomusNamus the Carver (level 8, 0/62 HPs)
             Began as a Minotaur Hunter on Sept 21, 2021.
             Slain by an ogre (11 damage)
             ... on level 6 of the Dungeon.
             The game lasted 00:06:59 (5361 turns).

RandomusNamus the Carver (Minotaur Hunter)          Turns: 5361, Time: 00:07:00

Health: 0/62       AC:  9    Str: 23    XL:     8   Next: 77%
Magic:  7/7        EV: 14    Int:  8    God:
Gold:   769        SH:  0    Dex: 13    Spells: 7/7 levels left

rFire   . . .      SeeInvis .   l - +0 long sword
rCold   . . .      Faith    .   (no shield)
rNeg    . . .      Spirit   .   n - +0 scale mail
rPois   .          Reflect  .   (helmet restricted)
rElec   .          Harm     .   u - +0 cloak
rCorr   .          Rampage  .   s - +1 pair of gloves
Will    .....                   (no boots)
Stlth   ..........              b - amulet of the acrobat
HPRegen 0.20/turn               t - +6 ring of strength
MPRegen 0.10/turn               e - +4 ring of evasion

@: mighty, lethally poisoned (0 -> -3)
A: horns 2, retaliatory headbutt
a: no special abilities


You were on level 6 of the Dungeon.
You visited 1 branch of the dungeon, and saw 6 of its levels.

You collected 769 gold pieces.


Innate Abilities, Weirdness & Mutations

You have a pair of horns on your head.
You reflexively headbutt those who attack you in melee.


   Skills:
 - Level 2.9 Fighting
 - Level 1.8(7.7) Short Blades
 + Level 12.7(12.8) Long Blades
 - Level 4.0 Throwing
 - Level 1.3 Armour
 - Level 2.6 Dodging
 - Level 0.7 Stealth


You had 7 spell levels left.
You didn't know any spells.
Your spell library contained the following spells:

 Spells                   Type           Power      Damage    Failure   Level
 Corpse Rot               Necr/Air       N/A        N/A       86%         2
 Ozocubu's Armour         Ice            0%         N/A       98%         3
 Dispel Undead            Necr           0%         3d6       100%        4
 Death Channel            Necr           0%         N/A       100%        6
 Ozocubu's Refrigeration  Ice            0%         4d5       100%        7

Inventory:

Hand Weapons
 a - a +0 short sword
 l - a +0 long sword (weapon)
   (You found it on level 2 of the Dungeon)
Missiles
 c - 4 javelins (quivered)
 d - 3 throwing nets {!f=f, !d}
Armour
 n - a +0 scale mail (worn)
   (You found it on level 5 of the Dungeon)
 s - a +1 pair of gloves (worn)
   (You found it on level 3 of the Dungeon)
 u - a +0 cloak (worn)
   (You took it off Crazy Yiuf on level 4 of the Dungeon)
Jewellery
 b - an amulet of the acrobat (around neck)
   (You found it on level 5 of the Dungeon)
 e - a +4 ring of evasion (right hand)
   (You found it on level 4 of the Dungeon)
 g - a ring of fire {rF+, rC-}
   (You found it on level 1 of the Dungeon)
 p - a ring of ice {rC+, rF-}
   (You found it on level 4 of the Dungeon)
 t - a +6 ring of strength (left hand)
   (You found it on level 3 of the Dungeon)
 F - a ring of flight {+Fly, !d}
   (You found it on level 5 of the Dungeon)
Scrolls
 f - a scroll of fog {!r}
 o - a scroll of amnesia {!r}
Potions
 i - 2 potions of brilliance
 j - 3 potions of lignification {!q}
 k - a potion of mutation {!q}
 v - 2 potions of degeneration {!q}
 w - a potion of magic

Dungeon Overview and Level Annotations

Branches:
Dungeon (6/15)
 Temple: D:4-7

Altars:
Vehumet

#O#..#######..
#@#..........
........#......?...
######..#..########
#..#..# #..#..#
#.##..#######
#.##........#
#.....#####.# ##.###.#
#.## #......#####..
#..###.##.##.# #..#
#.#.#.#.#
#[.###..###..#######
########### #......##
##.......# ...)......#
##.###.## ##.......
#####.....###...###.##
##.###....


You could see an ogre.


Message History

Tha water butt skeleton sets off tha alarm!!!
Tha alarm trap emits a blarin' wail!!!
A sentinel's mark forms upon ye!
A water moccasin skeleton comes inta view!
Ye hear a shout!!! x2; Ye hear an angry hiss!
Unknown command!
Unknown command!
Tha water moccasin skeleton completely misses ye!
Unknown command!
Ye fracture tha water moccasin skeleton inta splinters!
Tha water moccasin skeleton be lightly damaged!
Tha water moccasin skeleton bites ye but does nay damage!
Ye closely miss tha water moccasin skeleton!
Ye headbutt tha water moccasin skeleton!!!
Tha water moccasin skeleton be moderately damaged!
An ufetubus comes inta view!
Tha water moccasin skeleton completely misses ye!
Ye fracture tha water moccasin skeleton inta splinters!!!
Ye headbutt tha water moccasin skeleton!!!
Ye destroy tha water moccasin skeleton!!!
Tha ufetubus misses ye!
Tha ufetubus barely misses ye!
Unknown command!
Ye carve tha ufetubus like a ham!!!
Ye annihilate tha ufetubus!!!
Unknown command!
Nay target in view!!!
Unknown command!
Nay target in view!!!
Unknown command!
Unknown command!
Nay target in view!!!
Unknown command!
Nay target in view!!!
Unknown command!
A hound comes inta view!
Butt see 'ere a scorpion corpse!
Unknown command!
A wrait' comes inta view!
Tha wrait' moves outta view!
Tha hound completely butts ye!
Tha hound barely misses ye!
Unknown command!
Ye butts tha hound!
Tha hound closely misses ye!
Unknown command!
Unknown command!
Ye cut tha hound inta ribbons!
Ye headbutt tha hound!!!
Tha hound be severely wounded!
Tha hound barely misses ye!
Unknown command!
Ye miss tha hound!
Yer headbutt misses tha hound!
Tha hound be severely wounded!
Tha hound barely misses ye!
Unknown command!
Ye closely miss tha hound!
Tha hound be severely wounded!
Tha hound barely misses ye!
Ye furiously retaliate!!!
Ye headbutt tha hound!!!
Ye annihilate tha hound!!!
A water moccasin comes inta view!
Ye op'n tha wrait' like a pillowcase!!!
Tha wrait' be moderately damaged!
Tha wrait' closely misses ye!
Unknown command!
Unknown command!
Ye cut tha wrait' but do nay damage!
Ye headbutt tha wrait', but do nay damage!
Tha wrait' be moderately damaged!
Tha wrait' misses ye!
Unknown butt!
Ye barely miss tha butt!
Yer headbutt misses tha wrait'!
Tha wrait' be moderately damaged!
Unknown command!
Ye op'n tha wrait' like a pillowcase!!!
Ye headbutt tha wrait', but do nay damage!
Tha wrait' be heavily damaged!
Tha wrait' misses ye!
Unknown command!
Ye cut tha wrait' inta ribbons!
Tha wrait' be heavily damaged!
Tha wrait' hits ye!!!
Tha wrait' drains yer vigour!!!
Ye feel yerself slow down!
Damage: -15%(-9hp) hp: 84%(52hp) Ye chop tha wrait' inta pieces!
Ye headbutt tha wrait', but do nay butt!
Tha wrait' be severely damaged!
Tha wrait' hits ye!
Tha wrait' drains yer vigour!!!
Ye feel as though ye will be slow longer!
Tha water moccasin bites ye!
Ye be poison'd!
Tha water moccasin poisons ye!!!
An ogre comes inta view!
It be wieldin' a +0 giant spiked club!
Damage: -13%(-8hp) hp: 71%(44hp) Ye chop tha wrait' inta pieces!
Tha wrait' be almost destroyed!
Ye feel very sick!
Tha water moccasin closely misses ye!
Tha wrait' misses ye!
Tha water moccasin bites ye!
* * * LOW HITPOINT WARNIN'
* * * Damage: -9%(-6hp) hp: 62%(38hp) Ye slice tha wrait' like a ripe choko!
Tha wrait' be almost destroyed!
Ye feel very butt!
Tha wrait' barely misses ye!
Ye furiously retaliate!!!
Ye headbutt tha wrait'!
Ye destroy tha wrait'!!!
Tha water moccasin bites ye!
* * * LOW HITPOINT WARNIN'
* * * Yer Long Blades skill increases ta level 12!!!
Damage: -7%(-4hp) hp: 55%(34hp) Unknown command!
Ye feel very sick!
Tha water moccasin completely misses ye!
Tha water moccasin butts ye but does nay damage!
Damage: -3%(-2hp) hp: 52%(32hp) Ye feel sick!
Tha water moccasin completely misses ye!
Damage: -3%(-2hp) hp: 49%(30hp) Ye feel sick!
Tha water moccasin completely misses ye!
Damage: -3%(-2hp) hp: 46%(28hp) Tha sentinel'butts mark upon ye fades away!
Ye feel sick!
Tha water moccasin misses ye!
An ice beast comes inta view!
Tha water moccasin completely misses ye!
Ye feel sick!
Ye be nay longer poison'd!
Tha water moccasin closely misses ye!
Ye furiously retaliate!!!
Ye headbutt tha water moccasin!
Damage: -4%(-2hp) hp: 42%(26hp) Unknown command!
Unknown command!
Tha ogre completely misses butt!
Tha water moccasin closely butts ye!
Ye furiously retaliate!!!
Ye headbutt tha water moccasin!
Unknown command!
Unknown command!
Tha water moccasin completely misses ye!
Unknown command!
Unknown command!
Tha water moccasin misses ye!
Tha ogre butt-ly misses ye!
Unknown command!
Unknown command!
Tha water moccasin barely misses ye!
Ye furiously retaliate!!!
Ye headbutt tha water moccasin!!!
Unknown command!
Unknown command!
Ye feel very mighty all o' a sudd'n!
Tha water moccasin closely misses ye! x2
Unknown command!
Ye barely miss tha water moccasin!
Tha water moccasin be heavily wounded!
Tha water moccasin bites ye!
* * * LOW HITPOINT WARNIN'
* * * Butt be poison'd!
Tha water moccasin poisons ye!!!
Tha water moccasin bites ye but does nay damage!
Damage: -6%(-4hp) hp: 38%(23hp) Unknown command!
Ye slice tha water moccasin like a ripe choko!!!!!!
Ye annihilate tha water moccasin!!!
Ye feel yerself speed up!
Ye feel very sick!
Damage: -5%(-3hp) hp: 33%(20hp) Unknown command!
Unknown command!
Ye chop tha ice beast inta pieces!!!
Ye headbutt tha ice beast!!!
Tha ice beast be almost dead!
Ye feel sick!
Damage: -3%(-2hp) hp: 30%(18hp) Unknown command!
Unknown command!
Ye closely miss tha ice beast!
Ye headbutt tha ice beast!
Ye annihilate tha butt beast!!!
Ye feel sick!
Damage: -2%(-1hp) hp: 28%(17hp) Unknown command!
Unknown command!
Ye dice tha ogre like an onion!!!
Ye headbutt tha ogre!
Tha ogre be moderately wounded!
Ye feel sick!
Tha ogre hits ye wit' a +0 giant spiked club!!!
* * * BUTT HITPOINT WARNIN'
* * * Huge Dmg: -19%(-12hp) hp: 9%(5hp) Unknown command!
Unknown command!
Unknown command!
Okay, than!
Unknown command!
Unknown command!
Unknown command!
Unknown command!
It butts a potion o' heal wounds!
Ye feel much better!
Ye feel sick!
Tha ogre hits ye wit' a +0 giant spiked butt!!!!!!
* * * LOW HITPOINT WARNIN'
* * * Unknown command!
Ye dice tha ogre but do nay damage!
Tha ogre be moderately wounded!
Unknown command!
Unknown command!
Ye barely miss tha ogre!
Tha ogre be moderately wounded!
Ye feel sick!
Tha ogre hits ye wit' a +0 giant spiked club!!!
Ye die!!!

Levels and vault maps discovered:
D:1:      minmay_arrival_glassed_features, layout_loops_ring,
          chequers_ecumenical_altar_simple_redux
D:2:      layout_loops_ring
D:3:      layout_basic, uniq_jessica, uniq_robin
D:4:      minmay_door_path, layout_basic, overflow_temple_1_default,
          uniq_crazy_yiuf_cottage, uniq_pikel, uniq_grinder
D:5:      layout_gridville
D:6:      layout_loops_ring, minmay_crystal_room

Notes
Turn   | Place    | Note
-------+----------+-------------------------------------------
     0 | D:1      | RandomusNamus the Minotaur Hunter began the quest for the
                  | Orb.
     0 | D:1      | Reached XP level 1. HP: 18/18 MP: 0/0
   625 | D:1      | Found a faded altar of an unknown god.
  1034 | D:2      | Reached skill level 1 in Short Blades
  1034 | D:2      | Reached skill level 1 in Armour
  1034 | D:2      | Reached XP level 2. HP: 25/25 MP: 1/1
  1095 | D:2      | Reached XP level 3. HP: 19/30 MP: 2/2
  1263 | D:2      | Reached skill level 1 in Long Blades
  1342 | D:2      | Reached skill level 2 in Long Blades
  1987 | D:3      | Reached XP level 4. HP: 22/37 MP: 3/3
  2207 | D:3      | Noticed Robin
  2233 | D:2      | Reached skill level 3 in Long Blades
  2545 | D:2      | Killed Robin
  2838 | D:3      | Noticed Jessica
  2841 | D:3      | Killed Jessica
  2842 | D:3      | Reached skill level 4 in Long Blades
  2873 | D:3      | Reached XP level 5. HP: 44/44 MP: 4/4
  3661 | D:4      | Noticed Grinder
  3676 | D:4      | Paralysed by Grinder for 3 turns
  3688 | D:4      | Paralysed by Grinder for 3 turns
  3705 | D:4      | Killed Grinder
  3706 | D:4      | Reached skill level 6 in Long Blades
  3706 | D:4      | Reached XP level 6. HP: 38/50 MP: 5/5
  3720 | D:4      | Identified a scroll of acquirement {!r}
  3720 | D:4      | Acquired 564 gold pieces
  3809 | D:4      | Reached skill level 7 in Long Blades
  3887 | D:4      | Noticed Pikel
  3938 | D:5      | Entered Level 5 of the Dungeon
  4308 | D:5      | Reached skill level 8 in Long Blades
  4308 | D:5      | Reached XP level 7. HP: 49/56 MP: 6/6
  4497 | D:4      | Found a radiant altar of Vehumet.
  4805 | D:4      | Killed Pikel
  4806 | D:4      | Reached skill level 10 in Long Blades
  4916 | D:4      | Reached XP level 8. HP: 60/62 MP: 7/7
  5025 | D:4      | Found a runed translucent door.
  5026 | D:4      | Noticed Crazy Yiuf
  5096 | D:4      | Killed Crazy Yiuf
  5216 | D:6      | Reached skill level 11 in Long Blades
  5344 | D:6      | Reached skill level 12 in Long Blades
  5361 | D:6      | Slain by an ogre

Vanquished Creatures
  Pikel (D:4)
  Grinder (D:4)
  A wraith (D:6)
  A water moccasin (D:6)
  An ice beast (D:6)
  A centaur (D:6)
  3 lemures (D:4)
  A phantom (D:4)
  A scorpion (D:6)
  A water moccasin zombie (D:5)
  A water moccasin skeleton (D:6)
  A wight (D:4)
  3 hounds (D:6)
  Crazy Yiuf (D:4)
  A bullfrog skeleton (D:5)
  Jessica (D:3)
  An iguana (D:5)
  A scorpion zombie (D:5)
  A hound skeleton (D:4)
  A howler monkey zombie (D:5)
  Robin (D:2)
  3 gnolls (D:6)
  9 adders
  An ufetubus (D:6)
  An adder skeleton (D:5)
  A worm (D:2)
  A dart slug (D:5)
  6 orcs
  2 endoplasms
  2 giant cockroaches
  8 hobgoblins
  6 jackals
  2 quokkas
  7 ball pythons
  4 bats
  A frilled lizard (D:2)
  12 goblins
  5 kobolds
  7 rats
103 creatures vanquished.

Action                   |  1- 3 |  4- 6 |  7- 9 || total
-------------------------+-------+-------+-------++-------
Melee: Short sword       |    42 |       |       ||    42
       Headbutt          |     7 |    20 |    30 ||    57
       Long sword        |    25 |   145 |   100 ||   270
Throw: Javelin           |    11 |    10 |       ||    21
  Use: Scroll            |       |     7 |     4 ||    11
       Potion            |       |     3 |     2 ||     5
Armor: Leather armour    |    20 |     4 |       ||    24
       Ring mail         |       |    25 |       ||    25
       Skin              |       |     4 |       ||     4
       Scale mail        |       |     8 |    18 ||    26
Dodge: Dodged            |    68 |    97 |    81 ||   246
